 Dungeon Sprint DCSS version 0.32-a0-39-g5c88369fb2 (webtiles) character file.

Game seed: 16115221496709768631

7891 Conn the Destroyer (level 11, -6/65 HPs)
             Began as an Octopode Fire Elementalist on Feb 4, 2024.
             Was a High Priest of Sif Muna.
             Mangled by a sun demon (18 damage)
             ... summoned by a deep elf demonologist
             ... in the Dungeon (Sprint III: "The Ten Rune Challenge").
             The game lasted 00:13:38 (3203 turns).

Conn the Destroyer (Octopode Fire Elementalist)     Turns: 3203, Time: 00:13:38

Health: -6/65      AC:  1    Str:  8    XL:     11   Next: 22%
Magic:  7/26       EV: 17    Int: 22    God:    Sif Muna [*****.]
Gold:   1809       SH:  0    Dex: 12    Spells: 10/32 levels left

rFire   . . .        j - +3 quarterstaff (chaos)
rCold   + . .        (shield currently unavailable)
rNeg    . . .        (helmet restricted)
rPois   .            (no amulet)
rElec   .            r - ring of flight
rCorr   .            (no ring)
SInv    .            (no ring)
Will    .....        (no ring)
Stlth   +++          (no ring)
HPRegen 0.30/turn    (no ring)
MPRegen 0.20/turn    (no ring)
                     (no ring)

%: no teleportation
@: flying
A: almost no armour, amphibious, 8 rings, camouflage 1, gelatinous body 1,
(nimble swimmer 1), tentacles, cold resistance 1, wild magic 1
a: Renounce Religion, Channel Magic, Forget Spell, Divine Exegesis


You were in the Dungeon.
You worshipped Sif Muna.
Sif Muna was extremely pleased with you.
You visited 1 branch You collected 1869 gold pieces.
You spent 60 gold pieces at shops.

Inventory:

Hand Weapons
 h - a +0 dagger
 j - a +3 quarterstaff of chaos (weapon)
Armour
 g - a +0 buckler
Jewellery
 r - a ring of flight (left tentacle)
Wands
 i - a wand of polymorph (5)
 m - a wand of iceblast (21)
Scrolls
 f - a scroll of blinking
 l - a scroll of poison
 n - a scroll of torment
Potions
 a - 3 potions of magic
 b - 3 potions of curing
 c - 2 potions of heal wounds
 d - a potion of haste
 e - a potion of berserk rage
 k - 2 potions of mutation
 o - a potion of ambrosia
 p - a potion of might {unknown}
Miscellaneous
 q - a condenser vane


   Skills:
 + Level 2.5 Fighting
 - Level 10.0 Dodging
 - Level 4.1 Stealth
 + Level 11.1 Spellcasting
 + Level 12.9 Conjurations
 - Level 6.2 Hexes
 * Level 11.9 Fire Magic
 * Level 3.6 Air Magic
 + Level 10.5 Invocations
 - Level 8.0 Evocations


You had 10 spell levels left.
You knew the following spells:

 Your Spells              Type           Power      Damage    Failure   Level
a - Foxfire               Conj/Fire      100%       2x1d9     1%          1
b - Scorch                Fire           100%       2d9       1%          2
c - Inner Flame           Hex/Fire       61%        N/A       1%          3
d - Flame Wave            Conj/Fire      72%        2d16      1%          4
e - Searing Ray           Conj           100%       2d8       1%          2
f - Iskenderun's Mystic   Conj/Tloc      52%        2d11      6%          4
g - Plasma Beam           Fire/Air       28%        2x1d41    41%         6

Your spell library contained the following spells:

 Spells                   Type           Power      Damage    Failure   Level
 Magic Dart               Conj           100%       1d8       1%          1
 Shock                    Conj/Air       100%       1d9       1%          1
 Static Discharge         Conj/Air       100%       3-8/arc   1%          2
 Dazzling Flash           Conj/Hex       100%       N/A       1%          3
 Fireball                 Conj/Fire      36%        3d15      1%          5
 Volatile Blastmotes      Fire/Tloc      100%       2d18      2%          3
 Ensorcelled Hibernation  Hex/Ice        66%        N/A       4%          2
 Swiftness                Air            36%        N/A       6%          3
 Fulminant Prism          Conj/Alch      26%        3d14      6%          4
 Passwall                 Erth           15%        N/A       22%         3
 Conjure Ball Lightning   Conj/Air       29%        3x3d8     34%         6
 Passage of Golubria      Tloc           15%        N/A       56%         4
 Lehudib's Crystal Spear  Conj/Erth      26%        10d7      100%        8
 Chain Lightning          Conj/Air       29%        3d39      100%        9


Dungeon Overview and Level Annotations

Branches:
Dungeon (1/1)

Altars:
Cheibriados
Dithmenos
Elyvilon
Fedhas
Gozag
Hepliaklqana
Kikubaaqudgha
Makhleb
Nemelex Xobeh
Okawaru
Qazlal
Ru
Sif Muna
Trog
Uskayaw
Vehumet
Wu Jian
Xom
Yredelemnul
Zin
The Shining One
Jiyva
Lugonu

Shops:
D !


Innate Abilities, Weirdness & Mutations

You cannot wear most types of armour.
You are amphibious.
You can wear up to eight rings at the same time.
Your skin changes colour to match your surroundings (Stealth+).
Your rubbery body absorbs attacks. (AC +1, EV +1)
((You are camouflaged when in or above water. (Stealth+)))
You have tentacles for arms and can constrict up to eight enemies at once.
Your flesh is cold resistant. (rC+)
Your spells are a little harder to cast, but a little more powerful.


Message History

It was Naqalal's Vellum of Bruises {god gift}.
You add the spells Dazzling Flash, Fireball, Conjure Ball Lightning, Lehudib's Crystal Spear and Chain Lightning to your library.
Your foxfire dissipates!
Your foxfire dissipates!
You start resting.
A sun demon comes into view.
The sun demon shouts!
The deep elf master archer shoots an arrow.
The arrow hits you!!
Ouch! That really hurt!
The deep elf master archer shoots an arrow.
The arrow barely misses you.
There is an open door, spattered with blood here.
You see here a +0 short sword.
You reach down and close the door.
A sun demon opens the door.
You reach down and close the door.
A sun demon breaks down the door.
Casting: Scorch (safe; 1% risk of failure)
Confirm with . or Enter, or press ? or * to list all spells.
Okay, then.
Unknown command.
Unknown command.
Casting: Scorch (safe; 1% risk of failure)
Confirm with . or Enter, or press ? or * to list all spells.
You erupt in a blast of force!
The mystic blast hits the sun demon.
The sun demon is lightly wounded.
The sun demon is knocked back by the mystic blast.
The sun demon slams into the stone wall!
The sun demon is lightly wounded.
Casting: Iskenderun's Mystic Blast (dangerous; 6% risk of failure)
Confirm with . or Enter, or press ? or * to list all spells.
You erupt in a blast of force!
The mystic blast hits the sun demon!
The sun demon is heavily wounded.
The sun demon is knocked back by the mystic blast.
The sun demon slams into the stone wall!
Unknown command.
The sun demon attacks as it pursues you!
The sun demon hits you!!
* * * LOW HITPOINT WARNING * * *
You are engulfed in flames!!
You die...

▓▓▓ ▓▓▓ ######.# #.##########
#### _#__#..#####.).'.#...#
...'.
.#._#)).).....##.#...##≈≈≈≈##
##)##..)....)###@#...≈≈≈e[.e.
....#.))).....##3#...##≈≈≈≈##
....#.###.#.∩###.'...# ...'e
###'#)# ##.##..####### ####
#..)#'##########
#...#..§§~'.# #...#.#§§~#.#
#...'.#§§.# '...#.#§..#


You could see a sun demon (summoned).

Vanquished Creatures
  A deep elf demonologist (D)
  A deep elf death mage (D)
  Erica (D)
  An orc high priest (D)
  A deep elf knight (D)
  2 orc knights (D)
  4 deep elf zephyrmancers (D)
  2 deep elf pyromancers (D)
  A shadow (D)
  A spatial vortex (D)
  6 orc warriors (D)
  A necrophage (D)
  A water elemental (D)
  A jelly (D)
  Crazy Yiuf (D)
  An arcanist (D)
  Jessica (D)
  A necromancer (D)
  A kobold demonologist (D)
  3 humans (D)
  9 orcs (D)
  3 rats (D)
  A foxfire (D)
45 creatures vanquished.

Vanquished Creatures (others)
  160 foxfires (D)
160 creatures vanquished.

Grand Total: 205 creatures vanquished

Notes
Turn   | Place    | Note
-------+----------+-------------------------------------------
     0 | D        | Conn the Octopode Fire Elementalist began the quest for the
                  | Orb.
     0 | D        | Reached XP level 1. HP: 11/11 MP: 3/3
    63 | D        | Noticed Jessica
    68 | D        | Killed Jessica
    69 | D        | Reached skill level 5 in Fire Magic
    69 | D        | Reached XP level 2. HP: 17/17 MP: 0/5
    69 | D        | Reached XP level 3. HP: 21/21 MP: 0/7
   140 | D        | Noticed Crazy Yiuf
   147 | D        | Learned a level 2 spell: Scorch
   149 | D        | Killed Crazy Yiuf
   223 | D        | Reached XP level 4. HP: 27/27 MP: 1/9
   316 | D        | Gained mutation: Your spells are a little harder to cast,
                  | but a little more powerful. [potion of mutation]
   316 | D        | Gained mutation: Your flesh is cold resistant. (rC+)
                  | [potion of mutation]
   321 | D        | Learned a level 3 spell: Inner Flame
   326 | D        | Learned a level 4 spell: Flame Wave
   326 | D        | Noticed a water elemental
   333 | D        | Killed a water elemental
   334 | D        | Reached skill level 3 in Conjurations
   334 | D        | Reached skill level 1 in Hexes
   334 | D        | Reached XP level 5. HP: 31/31 MP: 1/11
   421 | D        | Found a radiant altar of Vehumet.
   421 | D        | Found a shimmering blue altar of Sif Muna.
   421 | D        | Found an ancient bone altar of Kikubaaqudgha.
   426 | D        | Reached skill level 5 in Spellcasting
   426 | D        | Reached skill level 4 in Conjurations
   498 | D        | Became a worshipper of Sif Muna the Loreminder
   507 | D        | Learned a level 2 spell: Searing Ray
   510 | D        | Found a hide-covered altar of Uskayaw.
   510 | D        | Found an iron altar of Okawaru.
   510 | D        | Found a bloodstained altar of Trog.
   510 | D        | Found an ornate altar of the Wu Jian Council.
   510 | D        | Noticed a human
   521 | D        | Noticed a shadow
   524 | D        | Killed a shadow
   525 | D        | Reached skill level 5 in Dodging
   525 | D        | Reached skill level 5 in Conjurations
   525 | D        | Reached XP level 6. HP: 36/36 MP: 0/15
   628 | D        | Found a shadowy altar of Dithmenos.
   631 | D        | Reached * piety under Sif Muna
   632 | D        | Reached skill level 6 in Conjurations
   633 | D        | Reached XP level 7. HP: 40/41 MP: 7/17
   633 | D        | Found a basalt altar of Yredelemnul.
   633 | D        | Found a sacrificial altar of Ru.
   700 | D        | Noticed a human
   704 | D        | Killed a human
   704 | D        | Killed a human
   704 | D        | Reached ** piety under Sif Muna
   705 | D        | Reached skill level 7 in Conjurations
   705 | D        | Reached skill level 5 in Hexes
   765 | D        | Found a glowing silver altar of Zin.
   765 | D        | Found a glowing golden altar of the Shining One.
   765 | D        | Found a white marble altar of Elyvilon.
   765 | D        | Noticed a deep elf pyromancer
   770 | D        | Killed a deep elf pyromancer
   771 | D        | Reached skill level 8 in Conjurations
   771 | D        | Reached XP level 8. HP: 46/46 MP: 11/20
   827 | D        | Found a blossoming altar of Fedhas.
   827 | D        | Found a stormy altar of Qazlal.
   828 | D        | Found a snail-covered altar of Cheibriados.
   828 | D        | Found a burning altar of Makhleb.
   828 | D        | Found a hazy altar of Hepliaklqana.
   828 | D        | Found a shimmering altar of Xom.
   828 | D        | Found an opulent altar of Gozag.
   828 | D        | Found a sparkling altar of Nemelex Xobeh.
   828 | D        | Found a corrupted altar of Lugonu.
   828 | D        | Found a viscous altar of Jiyva.
   862 | D        | Noticed Erica
  1043 | D        | Killed Erica
  1044 | D        | Reached skill level 9 in Conjurations
  1044 | D        | Reached XP level 9. HP: 51/51 MP: 13/22
  1117 | D        | Reached *** piety under Sif Muna
  1119 | D        | Noticed an orc knight
  1125 | D        | Killed an orc knight
  1125 | D        | Reached **** piety under Sif Muna
  1126 | D        | Reached skill level 10 in Conjurations
  1126 | D        | Reached skill level 10 in Fire Magic
  1126 | D        | Reached skill level 5 in Invocations
  1126 | D        | Reached skill level 5 in Evocations
  1269 | D        | Noticed an orc high priest
  1274 | D        | Killed an orc high priest
  1274 | D        | Reached ***** piety under Sif Muna
  1399 | D        | Reached XP level 10. HP: 5/56 MP: 8/23
  1583 | D        | Received a gift from Sif Muna
  1584 | D        | Reached skill level 11 in Conjurations
  1586 | D        | Got Cocwoniwk's Folio of Gusts and Movement {god gift}
  1592 | D        | Noticed an orc knight
  1595 | D        | Learned a level 4 spell: Iskenderun's Mystic Blast
  1608 | D        | Killed an orc knight
  1609 | D        | Reached skill level 10 in Spellcasting
  1726 | D        | Found Uceno's Distillery.
  1755 | D        | Bought a potion of heal wounds for 60 gold pieces
  1784 | D        | Noticed a deep elf zephyrmancer
  1784 | D        | Noticed a deep elf knight
  1784 | D        | Noticed a deep elf pyromancer
  1784 | D        | Noticed a deep elf zephyrmancer
  1784 | D        | Noticed a deep elf zephyrmancer
  1798 | D        | Killed a deep elf zephyrmancer
  1810 | D        | Killed a deep elf knight
  1813 | D        | Killed a deep elf zephyrmancer
  1814 | D        | Reached skill level 12 in Conjurations
  1941 | D        | Killed a deep elf zephyrmancer
  1991 | D        | Killed a deep elf pyromancer
  1993 | D        | Noticed a deep elf demonologist
  1997 | D        | Noticed a deep elf zephyrmancer
  2011 | D        | Killed a deep elf zephyrmancer
  2012 | D        | Reached skill level 10 in Invocations
  2012 | D        | Noticed a deep elf death mage
  2131 | D        | Learned a level 6 spell: Plasma Beam
  2145 | D        | Noticed a deep elf annihilator
  2146 | D        | Identified the +3 battleaxe "Fesaji" {freeze, rPois}
  2148 | D        | Noticed a smoke demon
  2195 | D        | Noticed a Hell Sentinel
  2195 | D        | Identified the +1 dagger of Revolt {drain, rCorr}
  2320 | D        | Identified the +8 long sword "Lifebane" {flame, rN+ Will+
                  | rCorr Int+5 Dex-3}
  2320 | D        | Noticed a deep elf demonologist
  2322 | D        | Noticed a Tzitzimitl
  2325 | D        | Noticed a soul eater
  2489 | D        | Noticed an Executioner
  2543 | D        | Noticed a rust devil
  2626 | D        | Noticed a rust devil
  2631 | D        | Noticed a deep elf death mage
  2788 | D        | Noticed a deep elf master archer
  2840 | D        | Noticed a blizzard demon
  2840 | D        | Killed a deep elf demonologist
  2841 | D        | Reached skill level 1 in Fighting
  2841 | D        | Reached skill level 10 in Dodging
  2841 | D        | Reached XP level 11. HP: 64/64 MP: 6/26
  3180 | D        | Killed a deep elf death mage
  3180 | D        | Received a gift from Sif Muna
  3181 | D        | Got Naqalal's Vellum of Bruises {god gift}
  3194 | D        | Noticed a sun demon
  3203 | D        | Mangled by a sun demon

Illustrated notes

Levels and vault maps discovered:
D:        dungeon_sprint_mu [sprint_mu_entry_cave, sprint_mu_temple_rooms,
          sprint_mu_d1_horrors, sprint_mu_d2_genie, sprint_mu_d3_branching,
          sprint_mu_orc_legion, sprint_mu_elf_gauntlet, sprint_mu_hive_nellie,
          sprint_mu_lair_fedhas, sprint_mu_vaults_butterflies,
          sprint_mu_slime_circle, sprint_mu_shoals_archi,
          sprint_mu_snake_twists, sprint_mu_blade_basic,
          sprint_mu_crypt_fortress, sprint_mu_tomb_spiral,
          sprint_mu_vestibule_basic, sprint_mu_gehenna_hellfire,
          sprint_mu_dis_giant, sprint_mu_tartarus_statrot,
          sprint_mu_cocytus_islands, sprint_mu_zot1]

Skill      XL: |  1  2  3  4  5  6  7  8  9 10 11 |
---------------+----------------------------------+-----
Stealth        | 3 4 |  4.1
Fire Magic     | 5 6 7 8 9 10 11 | 11.9
Dodging        | 3 5 7 8 10 | 10.0
Spellcasting   | 3 4 6 7 8 9 11 | 11.1
Conjurations   | 3 5 6 8 9 10 12 | 12.9
Hexes          | 1 4 6 |  6.2
Invocations    | 3 6 10 | 10.5
Evocations     | 3 6 8 |  8.0
Fighting       | 1 2 |  2.5
Air Magic      | 2 3 |  3.6

Action                     |  1- 3 |  4- 6 |  7- 9 | 10-12 || total
---------------------------+-------+-------+-------+-------++-------
  Melee: Unarmed           |     2 |       |       |       ||     2
         Tentacles         |     1 |       |     3 |     1 ||     5
         Constrict         |     1 |       |       |       ||     1
         Quarterstaff      |       |       |     6 |     2 ||     8
   Cast: Foxfire           |     7 |     5 |    27 |    66 ||   105
         Scorch            |     6 |     9 |    19 |    17 ||    51
         Inner Flame       |       |     2 |    11 |    25 ||    38
         Flame Wave        |       |     1 |     2 |     6 ||     9
         Plasma Beam       |       |       |       |     1 ||     1
         Iskenderun's Myst |       |       |       |     2 ||     2
 Invoke: Channel Magic     |       |       |     1 |       ||     1
    Use: Scroll            |       |     3 |       |       ||     3
         Potion            |       |     1 |       |       ||     1
   Stab: Sleeping          |       |       |     1 |       ||     1
 Armour: Skin              |     2 |     1 |     8 |    14 ||    25
  Dodge: Dodged            |     4 |     1 |     7 |     8 ||    20

Table legend: (Time is in decaauts)
 A = Elapsed time spent in this place.
 B = Non-inter-level travel time spent in this place.
 C = Inter-level travel time spent in this place.
 D = Time resting spent in this place.
 E = Time spent auto-exploring this place.
 F = Levels seen in this place.
 G = Mean time per level.
                   A        B        C        D        E       F      G
               +--------+--------+--------+--------+--------+-----+--------+
         Total |   3203 |   3203 |      0 |   2087 |      0 |   1 | 3203.0 |
       Dungeon |   3203 |   3203 |      0 |   2087 |      0 |   1 | 3203.0 |
               +--------+--------+--------+--------+--------+-----+--------+

Top non-repeatable levels by time:
       D: 3203 daAuts
